 Dungeon Crawl Stone Soup version 0.17-a0-945-g601bd79 (webtiles) character file.

128 namelastname112 the Magician (level 4, 0/33 HPs)
             Began as a Draconian Wizard on May 6, 2015.
             Was an Initiate of Vehumet.
             Succumbed to poison (a potion of poison)
             ... on level 3 of the Dungeon.
             The game lasted 00:06:19 (2433 turns).

namelastname112 the Magician (Draconian Wizard)     Turns: 2433, Time: 00:06:19

Health: 0/33       AC:  5    Str:  9    XL:     4   Next: 87%
Magic:  1/10       EV: 12    Int: 24    God:    Vehumet [......]
Gold:   89         SH:  0    Dex: 10    Spells: 1 memorised, 10 levels left

rFire  + . .     SeeInvis .     o - +0 short sword
rCold  + . .     Clarity  .     (armour unavailable)
rNeg   . . .     SustAb   .     (no shield)
rPois  +         Gourm    .     a - +0 hat
rElec  +         Spirit   .     (no cloak)
rCorr  +         Warding  .     (no gloves)
rMut   .         Stasis   .     (no boots)
MR     .....                    (no amulet)
Stlth  ++........               (no ring)
                                (no ring)

@: brilliant, lethally poisoned (0 -> -19), resistant, not resistant to hostile
enchantments, unstealthy
A: unfitting armour, cold-blooded, AC +5
a: Renounce Religion


You were on level 3 of the Dungeon.
You worshipped Vehumet.
Vehumet was noncommittal.
You were not hungry.

You visited 1 branch of the dungeon, and saw 3 of its levels.

You collected 89 gold pieces.

Inventory:

Hand weapons
 o - a +0 short sword (weapon)
Armour
 a - a +0 hat (worn)
Scrolls
 e - 3 scrolls of identify {unknown}
 h - a scroll of magic mapping {unknown}
 j - 2 scrolls of recharging {unknown}
 n - a scroll of blinking {unknown}
 q - a scroll of random uselessness {unknown}
 r - a scroll of remove curse {unknown}
Potions
 g - 2 potions of brilliance
 i - a potion of might
 k - a potion of degeneration {unknown}
 m - a potion of haste {unknown}
 p - a potion of poison
Books
 b - a book of Minor Magic

   Spells                             Type                      Level
   a - Magic Dart                     Conjuration                  1
   b - Blink                          Translocation                2
   c - Call Imp                       Summoning                    2
   d - Repel Missiles                 Charms/Air                   2
   e - Slow                           Hexes                        2
   f - Conjure Flame                  Conjuration/Fire             3
   g - Mephitic Cloud                 Conjuration/Poison/Air       3
Comestibles
 c - a bread ration
 d - 2 fruits
 f - 2 meat rations
 s - a chunk of flesh


   Skills:
 - Level 1.7 Dodging
 - Level 1.7 Stealth
 + Level 4.3 Spellcasting
 + Level 3.3 Conjurations
   Level 1.0 Summonings
   Level 1.0 Translocations


You had 10 spell levels left.
You knew the following spells:

 Your Spells              Type           Power        Failure   Level  Hunger
z - Magic Dart            Conj           ####         1%          1    None


Dungeon Overview and Level Annotations

Branches:
Dungeon (3/15)

Altars:
Makhleb
Qazlal
Vehumet
Yredelemnul

Annotations:
D:3 ImmaFairy's ghost, average FoFi


Innate Abilities, Weirdness & Mutations

Your plain brown scales are hard (AC +5).
Your body does not fit into most forms of armour.
You are cold-blooded and may be slowed by cold attacks.


Message History

The worker ant bites you.
* * * LOW HITPOINT WARNING * * *
You are lethally poisoned!
The worker ant poisons you!
There is a stone staircase leading up, spattered with blood here.
Drink which item? (? for menu, Esc to quit)
It was a potion of brilliance.
You feel clever all of a sudden.
* * * LOW HITPOINT WARNING * * *
You feel sick. The worker ant completely misses you.
Drink which item? (? for menu, Esc to quit)
It was a potion of poison.
That liquid tasted very nasty...
You are more poisoned.
* * * LOW HITPOINT WARNING * * *
You feel sick. The worker ant bites you.
* * * LOW HITPOINT WARNING * * *
Drink which item? (? for menu, Esc to quit)
It was a potion of resistance.
You feel protected.
You die...

## #.........# ..###
#######....#...# ....######
#......).......### ..(......#
#....).....#...##. .........#
#..(.......#...##. .........##
##.####.#.###..... .....g....###
#.# #.#)# #.###.
...###.###..#####.# #.#.# #.##..
...#§...§##..gga@.# #.#.###.#..#
...#.....#...#########..........#
#....._......)÷....)............#
#)##.....######..#####..........#
#.##÷...§# ##..# ##..........#
...###.### ##.# #...........#
.......# #.###...####.####
......## #.......# #)# # ......
##......####.# #


You could see a worker ant, a hobgoblin and a goblin.

Vanquished Creatures
  An orc wizard (D:3)
  Terence (D:3)
  3 adders
  A worm (D:2)
  2 orcs (D:3)
  8 bats
  2 giant cockroaches
  5 goblins
  5 hobgoblins
  5 kobolds
  A ball python (D:2)
  2 giant geckos (D:1)
  2 giant newts
  5 rats
43 creatures vanquished.

Vanquished Creatures (others)
  A giant gecko (D:3)
1 creature vanquished.

Grand Total: 44 creatures vanquished

Notes
Turn   | Place    | Note
--------------------------------------------------------------
     0 | D:1      | namelastname112, the Draconian Wizard, began the quest for the Orb.
     0 | D:1      | Reached XP level 1. HP: 14/14 MP: 4/4
     2 | D:1      | Noticed an ogre
     2 | D:1      | Noticed an octopode
     4 | D:1      | Noticed a spriggan
     6 | D:1      | Noticed a troll
     8 | D:1      | Noticed a naga
    10 | D:1      | Noticed a vine stalker
    10 | D:1      | Noticed a gargoyle
    12 | D:1      | Noticed a draconian
    14 | D:1      | Noticed a merfolk
    14 | D:1      | Noticed a human
    16 | D:1      | Noticed a dwarf
    16 | D:1      | Noticed a ghoul
    18 | D:1      | Noticed a minotaur
    18 | D:1      | Noticed an elf
    20 | D:1      | Noticed a demigod
    20 | D:1      | Noticed a demonspawn
    22 | D:1      | Noticed a vampire
    22 | D:1      | Noticed a felid
    24 | D:1      | Noticed a centaur
    24 | D:1      | Noticed a tengu
    26 | D:1      | Noticed a formicid
   252 | D:1      | Reached XP level 2. HP: 11/20 MP: 0/6
   620 | D:2      | Found a basalt altar of Yredelemnul.
   991 | D:2      | Reached XP level 3. HP: 11/26 MP: 5/8
  1356 | D:2      | Found a radiant altar of Vehumet.
  1361 | D:2      | Found a burning altar of Makhleb.
  1364 | D:2      | Became a worshipper of Vehumet
  1448 | D:3      | Noticed ImmaFairy's ghost (average FoFi)
  1954 | D:3      | Noticed Terence
  2110 | D:3      | Killed Terence
  2110 | D:3      | Reached skill level 4 in Spellcasting
  2110 | D:3      | Reached XP level 4. HP: 19/33 MP: 5/10
  2379 | D:3      | Found a stormy altar of Qazlal.
  2432 | D:3      | HP: 1/33 [worker ant (2)]
  2433 | D:3      | Succumbed to poison (a potion of poison)

Action                   |  1- 3 |  4- 6 || total
-------------------------+-------+-------++-------
Melee: Club              |    39 |       ||    39
       Unarmed           |     7 |       ||     7
       Short sword       |    42 |     7 ||    49
 Cast: Magic Dart        |    91 |    21 ||   112
  Use: Potion            |     1 |     3 ||     4
  Eat: Fruit             |     2 |       ||     2
       Chunk             |     1 |     2 ||     3
